 Dungeon Crawl Stone Soup version 0.25-a0-161-gb7fd73da8f (webtiles) character file.

Game seed: 3983232113665922258, levelgen mode: deterministic

12 floatRand the Skirmisher (level 2, 19/24 HPs)
             Began as a Demonspawn Fighter on Nov 21, 2019.
             Quit the game on level 1 of the Dungeon.
             The game lasted 00:00:29 (530 turns).

floatRand the Skirmisher (Demonspawn Fighter)        Turns: 530, Time: 00:00:30

Health: 19/24      AC:  6    Str: 16    XL:     2   Next: 20%
Magic:  2/2        EV:  6    Int:  9    God:
Gold:   0          SH:  8    Dex: 12    Spells: 1/1 levels left

rFire    . . .     SeeInvis .   a - +0 long sword
rCold    . . .     Gourm    .   c - +0 shield
rNeg     . . .     Faith    .   b - +0 scale mail
rPois    .         Spirit   .   (no helmet)
rElec    .         Reflect  .   (no cloak)
rCorr    .         Harm     .   (no gloves)
MR       .....                  (no boots)
Stlth    ..........             (no amulet)
HPRegen  0.08/turn              (no ring)
MPRegen  0.08/turn              (no ring)

@: no status effects
A: claws 1
a: no special abilities


You were on level 1 of the Dungeon.
You were not hungry.

You visited 1 branch of the dungeon, and saw 1 of its levels.

Inventory:

Hand Weapons
 a - a +0 long sword (weapon)
Armour
 b - a +0 scale mail (worn)
 c - a +0 shield (worn)
Scrolls
 e - a scroll of fog {unknown}
 g - 3 scrolls of identify {unknown}
 h - a scroll of teleportation {unknown}
 i - a scroll of fear {unknown}
Potions
 d - a potion of might
Comestibles
 f - a ration


   Skills:
 + Level 3.1 Fighting
 * Level 2.1 Long Blades
 + Level 2.8 Armour
 + Level 2.8 Shields


You had one spell level left.
You didn't know any spells.
Your spell library was empty.

Dungeon Overview and Level Annotations

Branches:
Dungeon (1/15)

Altars:


Innate Abilities, Weirdness & Mutations

You have sharp fingernails.


Message History

You block the jackal's attack.
Your shield and scale mail prevent you from hitting the jackal.
You block the jackal's attack. The hobgoblin closely misses you.
You riposte.
You hit the hobgoblin.
You kill the hobgoblin!
You block the jackal's attack.
You miss the jackal. The jackal barely misses you. The rat bites you.
The jackal bites you but does no damage.
You hit the jackal.
The jackal is lightly wounded.
The jackal bites you but does no damage.
The rat bites you. You block the jackal's attack.
You closely miss the jackal.
The jackal is lightly wounded.
The jackal bites you but does no damage.
The rat bites you but does no damage.
The jackal bites you but does no damage.
The rat barely misses you.
You riposte.
You slash the rat!
You kill the rat!
Are you sure you want to abandon this character and quit the game? (Confirm with "yes".)

##........# ....
..........# ####
#.......# #####.......#
##.........#.##########
#..........#.##........
...........#...........
#.###.......####........
#.....h@....# #########
#$##..).....# #
#.........# #
#...........# #
#.#...[.....# # .
#.........# #
#.........# #
...#.###+## # #


You could see a jackal.

Vanquished Creatures
  A dart slug (D:1)
  2 leopard geckos (D:1)
  A bat (D:1)
  A hobgoblin (D:1)
  A goblin (D:1)
  2 kobolds (D:1)
  A rat (D:1)
9 creatures vanquished.

Notes
Turn   | Place    | Note
-------+----------+-------------------------------------------
     0 | D:1      | floatRand the Demonspawn Fighter began the quest for the
                  | Orb.
     0 | D:1      | Reached XP level 1. HP: 18/18 MP: 1/1
   344 | D:1      | Gained mutation: You have sharp fingernails. [demonic
                  | ancestry]
   344 | D:1      | Reached XP level 2. HP: 20/24 MP: 2/2
   530 | D:1      | Quit the game

Levels and vault maps discovered:
D:1:      lordsloth_arrival_two_stooges, layout_basic, minmay_tromino_mix6

Skill      XL: |  1 |
---------------+----+-----
Long Blades    | 2 |  2.1
Fighting       | |  3.1
Armour         | |  2.8
Shields        | |  2.8

Action                   || total
-------------------------++-------
Melee: Long sword        ||    49
Armor: Scale mail        ||    27
Dodge: Dodged            ||    19
Block: Shield            ||    32
       Rpst.: Long sword ||     5

Table legend:
 A = Non-vault XP
 B = Vault XP
 C = Vault XP percentage of total XP
 D = Non-vault monster count
 E = Vault monster count
 F = Vault count percentage of total count
                 A         B        C        D         E       F
            +---------+---------+-------+---------+---------+-------
      Total |      15 |       3 |  16.7 |       7 |       2 |  22.2
            +---------+---------+-------+---------+---------+-------
        D:1 |      15 |       3 |  16.7 |       7 |       2 |  22.2
            +---------+---------+-------+---------+---------+-------
